Map: Pillars of Gold LE

Players

IIIIIIIIIIII

  • Race: Terran Terran
  • League: Grandmaster
  • Spawn Location: 7:00

eXeCuToR - Winner!

  • Race: Terran Terran
  • League: Grandmaster
  • Spawn Location: 1:00

VOD

https://www.youtube.com/watch?v=I4fg-H-dfnM

Description

HeroMarine's Most Patient TvT Build

Time

  • Played on: Aug. 19, 2020, 3:27 p.m.
  • Length: 15:27
Show
View Real Time Build Order
Export as new Build Order

IIIIIIIIIIII Terran 

Build Orders: Reaper Expand 

Get SALT Encoding   

  12  0:00  SCV  
  13  0:12  SCV  
  14  0:17  Supply Depot  
  14  0:25  SCV  
  15  0:39  SCV  
  15  0:40  Barracks  
  16  0:45  Refinery  
  16  0:51  SCV  
  17  1:03  SCV  
  18  1:15  SCV  
  19  1:27  Orbital Command  
  19  1:28  Reaper  
  20  1:45  Command Center  
  20  1:53  SCV  
  21  1:58  Supply Depot  
  21  2:00  Marine  
  22  2:05  SCV  
  23  2:12  Factory  
  22  2:17  SCV  
  22  2:20  Marine  
  24  2:24  Bunker  
  24  2:29  SCV  
  25  2:34  Refinery  
  25  2:37  Marine  
  25  2:41  SCV  
  27  2:54  SCV  
  27  2:57  Hellion  
  30  3:00  Starport  
  30  3:01  Barracks Tech Lab  
  30  3:07  Orbital Command  
  30  3:11  SCV  
  31  3:24  SCV  
  32  3:27  Cyclone  
  32  3:28  Barracks Reactor  
  32  3:31  Refinery  
  32  3:33  SCV  
  36  3:36  SCV  
  36  3:38  Starport Tech Lab  
  37  3:45  SCV  
  37  3:46  Supply Depot  
  38  3:48  SCV  
  39  3:57  SCV  
  39  3:59  Siege Tank  
  39  4:01  SCV  
  44  4:04  Marine x2  
  44  4:09  SCV  
  47  4:11  Supply Depot  
  47  4:13  SCV  
  48  4:18  Raven  
  48  4:22  SCV  
  51  4:24  Marine x2  
  51  4:25  SCV  
  54  4:34  SCV, Supply Depot  
  54  4:35  Siege Tank  
  54  4:37  SCV  
  59  4:42  Marine x2  
  61  4:46  SCV  
  62  4:55  SCV, Command Center  
  62  4:57  Supply Depot  
  62  4:59  SCV  
  63  5:02  Raven  
  65  5:07  SCV  
  65  5:11  SCV  
  65  5:14  Siege Tank  
  70  5:19  Supply Depot, Marine x2  
  70  5:20  SCV  
  73  5:23  SCV  
  73  5:24  Refinery  
  74  5:32  SCV  
  75  5:35  SCV  
  75  5:38  Barracks  
  75  5:41  Barracks  
  76  5:44  SCV  
  76  5:47  Siege Tank  
  76  5:48  SCV  
  81  5:51  Viking  
  81  5:53  Viking  
  81  5:56  Supply Depot  
  85  5:58  Stimpack  
  85  6:00  Marine  
  86  6:08  Engineering Bay x2  
  86  6:13  Orbital Command  
  86  6:15  SCV  
  86  6:17  SCV  
  88  6:22  Viking  
  90  6:29  Barracks Reactor x2  
  90  6:31  Viking  
  92  6:34  SCV  
  92  6:35  SCV  
  92  6:37  Siege Tank  
  97  6:42  Orbital Command  
  97  6:50  SCV  
  97  6:51  SCV  
  99  6:54  Terran Infantry Weapons Level 1, Marine, Terran Infantry Armor Level 1  
  100  7:02  SCV  
  100  7:03  SCV  
  100  7:04  Barracks  
  100  7:05  Barracks  
  100  7:06  Viking x2  
  106  7:11  Supply Depot  
  106  7:13  SCV, Supply Depot  
  106  7:14  SCV  
  106  7:15  SCV  
  109  7:25  Refinery x2  
  109  7:30  Marine  
  109  7:31  Marine  
  109  7:32  SCV x3, Marine x2, Siege Tank  
  117  7:37  Supply Depot x2  
  118  7:44  Medivac x2  
  118  7:48  Marine  
  118  7:49  Marine  
  118  7:50  Marine  
  125  7:52  Sensor Tower  
  125  7:54  Supply Depot x2  
  125  7:55  Marine  
  125  7:56  Barracks Reactor  
  125  7:59  Barracks Reactor  
  125  8:00  Armory  
  125  8:03  Marine  
  125  8:05  Combat Shield  
  126  8:06  Marine x2  
  126  8:08  Marine  
  129  8:13  Marine  
  129  8:14  Siege Tank  
  131  8:20  Marine  
  131  8:21  Medivac  
  131  8:23  Marine  
  131  8:24  Marine  
  131  8:25  Marine  
  137  8:31  Marine  
  137  8:33  Marine  
  139  8:34  Marine  
  139  8:38  Marine  
  139  8:39  Marine x2  
  143  8:41  Marine  
  143  8:42  Supply Depot, Marine  
  143  8:43  Supply Depot, Command Center, Marine  
  143  8:49  Marine  
  143  8:51  Marine  
  143  8:52  Marine  
  145  8:56  Marine  
  145  8:57  Marine x2, Siege Tank  
  145  8:58  Liberator x2  
  145  8:59  Marine  
  157  9:04  Marine x2  
  157  9:06  Marine  
  157  9:08  Supply Depot  
  157  9:09  Supply Depot, Marine x2  
  160  9:14  Marine  
  160  9:15  Marine  
  160  9:16  Terran Infantry Armor Level 2, Terran Infantry Weapons Level 2  
  163  9:20  Marine  
  163  9:21  Marine x2  
  163  9:22  Marine  
  164  9:24  Marine  
  164  9:29  Marine x2  
  167  9:32  Marine  
  167  9:33  Marine  
  167  9:45  Marine x2  
  142  9:46  Siege Tank  
  142  9:47  Marine  
  142  9:49  Marine x2  
  142  9:50  Marine x2  
  142  9:51  Viking x2  
  142  9:52  Marine x2  
  148  9:58  SCV x3  
  151  10:03  Marine x2  
  151  10:06  Marine  
  154  10:07  Marine x2  
  154  10:08  Marine x2  
  154  10:13  Marine  
  159  10:15  Factory  
  159  10:18  Siege Tank  
  159  10:21  Barracks Reactor, Marine x2  
  159  10:23  Marine  
  159  10:25  Marine  
  160  10:28  Marine  
  160  10:29  Marine  
  160  10:32  Medivac x2, Marine  
  160  10:33  Marine  
  163  10:39  Marine x2  
  163  10:41  Marine  
  162  10:43  Marine  
  162  10:46  Marine  
  162  10:47  Marine  
  151  10:50  Marine, Siege Tank  
  151  10:51  Planetary Fortress, Marine  
  151  10:55  SCV x3  
  151  10:56  Marine  
  151  10:57  Marine  
  157  10:58  Marine x2  
  157  10:59  Marine  
  157  11:00  Marine  
  157  11:03  Siege Tank  
  162  11:04  Marine  
  162  11:05  Marine  
  162  11:07  SCV  
  162  11:08  Marine  
  162  11:11  SCV x2  
  165  11:16  Marine x2  
  167  11:19  SCV, Sensor Tower  
  167  11:20  Medivac x2  
  167  11:21  Marine x2  
  167  11:23  SCV  
  175  11:27  Marine x6  
  175  11:28  Siege Tank  
  184  11:36  Marine  
  184  11:38  Marine  
  184  11:40  Marine  
  184  11:46  Siege Tank  
  188  11:47  Marine  
  188  11:50  Medivac x2  
  188  11:53  Command Center  
  193  12:00  Terran Infantry Weapons Level 3, Siege Tank  
  193  12:01  Terran Infantry Armor Level 3  
  194  12:05  Marine  
  193  12:15  Marine  
  194  12:17  Marine x6  
  200  12:29  Marine x3  
  198  12:33  Marine  
  198  12:34  Marine  
  198  12:35  Siege Tank  
  199  12:40  Command Center x2  
  195  12:53  Marine x2  
  197  12:59  Marine x3  
  198  13:06  Marine x2, Barracks  
  198  13:07  Barracks  
  198  13:10  Barracks  
  197  13:18  Marine  
  176  13:20  Marine  
  176  13:22  Marine x4, Siege Tank  
  176  13:23  Marine  
  176  13:25  Marine, Siege Tank  
  176  13:26  Marine x2  
  141  13:34  Viking x2  
  113  13:36  Marine  
  113  13:38  Marine  
  113  13:39  Orbital Command, Marine  
  113  13:40  Marine x3  
  117  13:41  Marine  
  117  13:43  Marine x3  
  121  13:54  Marine  
  121  13:55  Marine, Siege Tank  
  125  13:57  Marine x2, Siege Tank  
  125  13:58  Marine x2  
  125  13:59  Marine x2  
  125  14:01  Marine x3  
  125  14:02  Marine  
  139  14:04  Marine  
  134  14:12  Marine  
  134  14:13  Marine  
  134  14:15  Marine x3  
  134  14:16  Marine  
  140  14:17  Marine  
  140  14:18  Marine  
  140  14:22  Marine  
  140  14:24  Marine  
  144  14:26  Sensor Tower  
  144  14:27  Siege Tank  
  144  14:28  Marine  
  144  14:29  Siege Tank  
  151  14:32  Marine x4  
  151  14:36  Marine  
  151  14:37  Marine x2  
  155  14:43  Marine  
  155  14:44  Marine  
  135  14:47  Marine  
  135  14:49  Marine x2  
  135  14:50  Marine  
  135  14:51  Marine x3  
  124  14:58  Marine  
  124  14:59  Marine x3  
  114  15:00  Marine  
  114  15:02  Marine  
Show
View Real Time Build Order
Export as new Build Order

eXeCuToR Terran - Winner!

Build Orders:  

Get SALT Encoding   

  12  0:00  SCV  
  13  0:12  SCV  
  14  0:18  Supply Depot  
  14  0:24  SCV  
  15  0:39  SCV  
  15  0:41  Barracks  
  16  0:45  Refinery  
  16  0:51  SCV  
  16  0:55  Refinery  
  17  1:04  SCV  
  18  1:16  SCV  
  19  1:28  Reaper, Orbital Command  
  19  1:30  Supply Depot  
  20  1:43  Factory  
  20  1:53  SCV  
  21  2:00  Reaper  
  22  2:05  SCV  
  23  2:17  SCV  
  24  2:25  Command Center  
  24  2:30  Hellion  
  24  2:32  Reaper  
  24  2:35  SCV  
  28  2:42  Supply Depot  
  28  2:47  SCV  
  29  2:51  Hellion  
  31  3:01  Starport  
  31  3:04  SCV  
  32  3:08  Barracks Reactor  
  32  3:16  SCV  
  32  3:19  Factory Tech Lab  
  33  3:28  SCV  
  34  3:34  Refinery  
  34  3:38  Orbital Command  
  34  3:40  SCV  
  35  3:44  Factory Tech Lab  
  35  3:45  Raven, Marine x2  
  39  3:52  SCV  
  40  4:04  SCV, Cyclone, Marine x2  
  40  4:06  SCV  
  47  4:11  Supply Depot  
  47  4:16  SCV  
  48  4:18  SCV  
  49  4:27  Command Center  
  49  4:30  Raven  
  51  4:32  SCV  
  51  4:34  SCV  
  55  4:43  Siege Tank  
  55  4:44  SCV  
  57  4:47  SCV, Supply Depot  
  58  4:54  Marine x2  
  58  4:57  SCV  
  58  4:59  SCV  
  62  5:03  Supply Depot  
  62  5:08  Refinery  
  62  5:09  SCV  
  62  5:11  SCV  
  64  5:16  Siege Tank  
  68  5:21  SCV  
  68  5:23  SCV  
  68  5:26  Viking  
  68  5:27  Viking  
  73  5:28  Stimpack  
  73  5:33  SCV  
  73  5:35  SCV  
  75  5:39  Orbital Command  
  75  5:47  Barracks x2  
  75  5:49  SCV x2  
  77  5:53  Siege Tank  
  80  5:57  Orbital Command  
  80  6:01  Viking  
  80  6:03  Viking  
  84  6:07  SCV x2  
  86  6:13  Supply Depot  
  86  6:14  Supply Depot  
  86  6:19  SCV x2  
  86  6:20  Marine  
  86  6:25  SCV  
  90  6:30  Engineering Bay  
  90  6:31  SCV x2, Engineering Bay  
  92  6:34  Siege Tank  
  92  6:37  SCV  
  92  6:39  Barracks Reactor x2  
  96  6:42  Viking  
  96  6:43  Viking  
  96  6:45  SCV  
  101  6:47  SCV  
  101  6:51  SCV  
  101  6:53  Supply Depot  
  101  6:54  Supply Depot  
  103  6:57  SCV  
  103  6:59  SCV  
  105  7:01  Terran Infantry Weapons Level 1, Terran Infantry Armor Level 1  
  105  7:07  Marine  
  107  7:13  Supply Depot  
  107  7:14  Supply Depot, Siege Tank  
  111  7:16  Viking  
  111  7:17  Viking, SCV  
  111  7:18  SCV x2  
  111  7:21  Marine x3  
  111  7:22  Marine  
  120  7:24  Combat Shield  
  121  7:30  SCV x3  
  123  7:37  Barracks  
  123  7:38  Refinery  
  123  7:39  Refinery, Barracks  
  123  7:40  Sensor Tower  
  123  7:42  Marine x4  
  123  7:43  Marine  
  128  7:50  Medivac  
  128  7:51  Medivac  
  132  7:54  SCV x3  
  132  7:55  Siege Tank  
  137  8:01  Marine x4  
  141  8:08  Supply Depot  
  141  8:10  Supply Depot  
  141  8:11  Command Center  
  141  8:23  Armory  
  141  8:28  Factory  
  141  8:30  SCV x3, Medivac x2, Marine  
  149  8:34  Barracks Reactor x2  
  149  8:37  Supply Depot  
  149  8:38  Marine x4  
  149  8:39  Supply Depot x2  
  151  8:46  SCV x2  
  151  8:47  SCV  
  148  8:56  Marine x4  
  148  8:57  Siege Tank  
  148  9:02  Orbital Command  
  152  9:05  Medivac x2, Orbital Command  
  152  9:07  Barracks Reactor  
  156  9:10  SCV x2  
  156  9:11  SCV  
  156  9:14  Marine x4  
  156  9:15  Barracks  
  163  9:17  Terran Infantry Armor Level 2, Terran Infantry Weapons Level 2  
  163  9:18  Barracks  
  163  9:19  Barracks  
  163  9:20  Terran Vehicle Weapons Level 1  
  163  9:22  SCV  
  162  9:31  SCV x2  
  163  9:34  SCV  
  163  9:38  Marine x2  
  161  9:40  Marine x2  
  161  9:41  Marine x3  
  161  9:42  Marine  
  161  9:43  Siege Tank  
  157  9:52  Marine x2  
  153  9:55  Siege Tank  
  153  9:56  Marine x2  
  153  9:58  Marine x2  
  153  9:59  Marine x3  
  160  10:00  Marine  
  160  10:06  Medivac  
  163  10:08  Medivac  
  163  10:10  Marine x2  
  163  10:13  Marine  
  163  10:14  Marine  
  169  10:16  Marine x3  
  169  10:20  Marine x2  
  173  10:21  Siege Tank  
  173  10:28  Marine x3  
  162  10:31  Marine x2  
  162  10:33  Siege Tank  
  162  10:34  Marine x3  
  165  10:44  Marine x2  
  165  10:46  Marine x3  
  165  10:49  Marine x2  
  150  10:51  Marine  
  150  10:52  Marine x2  
  150  10:53  Siege Tank  
  150  11:01  Marine  
  150  11:02  Marine  
  150  11:04  Marine x3  
  154  11:07  Liberator x2  
  158  11:15  Barracks Reactor x2  
  158  11:18  Marine x6  
  160  11:20  Marine x2  
  160  11:22  Marine  
  160  11:23  Marine  
  168  11:30  Marine x2  
  169  11:33  Marine  
  169  11:36  Marine x3  
  170  11:40  Marine  
  170  11:44  Marine  
  170  11:45  Marine x5  
  177  11:50  Viking x2  
  181  11:57  Supply Depot  
  181  11:58  Marine  
  181  11:59  Marine x6  
  185  12:01  Terran Infantry Weapons Level 3  
  185  12:02  Marine  
  186  12:15  Siege Tank  
  189  12:19  Marine x6  
  195  12:24  Marine x2  
  195  12:27  SCV x2  
  190  12:30  Marine x3  
  190  12:33  Marine x2  
  190  12:36  Marine x4  
  190  12:37  Marine x2  
  187  12:50  Marine x2  
  186  12:52  Siege Tank x2  
  187  12:59  Marine x7  
  191  13:07  Marine x2  
  191  13:11  Marine x2  
  195  13:19  Marine x3  
  190  13:20  Marine  
  190  13:21  Marine x5  
  190  13:24  Siege Tank x2  
  190  13:25  Marine x2  
  148  13:28  Marine  
  148  13:33  Liberator x2  
  132  13:37  Marine x4  
  132  13:39  Marine  
  136  13:41  Marine x2  
  136  13:43  Marine  
  139  13:50  Marine x2  
  139  13:53  Marine  
  139  13:54  Marine  
  143  13:56  Siege Tank  
  143  13:59  Siege Tank  
  144  14:06  Marine x4  
  144  14:08  Marine  
  148  14:10  Marine  
  148  14:12  Marine x2  
  148  14:14  Marine  
  150  14:20  Viking  
  150  14:23  Viking  
  154  14:28  Siege Tank  
  157  14:37  Siege Tank  
  160  14:40  Marine x3  
  160  14:44  Marine x2  
  153  14:47  Marine x2  
  153  14:48  Marine x3  
  136  14:55  Marine x2  
  136  14:56  Marine  
  136  14:58  Marine x3  
  137  15:01  Marine x2  
  137  15:05  Marine x2  
  137  15:06  Marine x2  
  146  15:07  Marine  
Tags
 
Add a new tag
Caveats
  • Supply blocks, unpowered buildings, or Contaminate may cause inaccurate times.
  • Supply counts are checked every 10 seconds.